 Dungeon Crawl Stone Soup version 0.21.1-1-g345015fe64 (webtiles) character file.

2912 Ivernyr the Infuser (level 10, 0/67 HPs)
             Began as a Human Skald on June 8, 2018.
             Was an Initiate of Ru.
             Slain by a warg (6 damage)
             ... on level 7 of the Dungeon on June 9, 2018.
             The game lasted 00:48:41 (10447 turns).

Ivernyr the Infuser (Human Skald)                  Turns: 10447, Time: 00:48:42

Health: 0/67       AC: 10    Str: 13    XL:     10   Next: 6%
Magic:  7/13       EV: 11    Int: 14    God:    Ru [......]
Gold:   480        SH:  0    Dex: 16    Spells: 8/13 levels left

rFire    . . .     SeeInvis .   a - +1 long sword
rCold    . . .     Gourm    .   (no shield)
rNeg     . . .     Faith    .   b - +0 ring mail
rPois    .         Spirit   .   j - +0 helmet
rElec    .         Reflect  .   y - +0 cloak
rCorr    .         Harm     .   (no gloves)
MR       .....                  i - +0 pair of boots
Stlth    ..........             r - amulet of regeneration
HPRegen  0.61/turn              k - +2 ring of strength
MPRegen  0.13/turn              (no ring)

@: very slightly contaminated
A: no stealth
a: Renounce Religion


You were on level 7 of the Dungeon.
You worshipped Ru.
Ru was noncommittal.
You were very hungry.

You visited 2 branches of the dungeon, and saw 9 of its levels.

You collected 480 gold pieces.

Inventory:

Hand Weapons
 a - a +1 long sword (weapon)
 C - the +9 hand axe of Quxkeinykia {vamp, rF+}
   (You found it on level 6 of the Dungeon)

   It inflicts no extra harm, but heals its wielder when it wounds a living foe.
   It protects you from fire.
Missiles
 m - 20 poisoned needles
Armour
 b - a +0 ring mail (worn)
 i - a +0 pair of boots (worn)
 j - a +0 helmet (worn)
 y - a +0 cloak (worn)
Jewellery
 k - a +2 ring of strength (left hand)
 r - an amulet of regeneration (around neck)
 v - an uncursed ring of flight
Wands
 B - a wand of flame (84)
 H - a wand of random effects (31)
Scrolls
 f - 4 scrolls of teleportation
 h - 2 scrolls of fear
 l - 4 scrolls of blinking
 n - 3 scrolls of fog
 q - 6 scrolls of remove curse
 s - a scroll of noise {unknown}
 t - a scroll of identify
 u - 3 scrolls of enchant weapon
 w - 4 scrolls of magic mapping
 E - a scroll of summoning
 F - a scroll of immolation {unknown}
Potions
 e - 5 potions of heal wounds
 g - a potion of brilliance {unknown}
 o - a potion of might {unknown}
 p - 5 potions of curing
 x - a potion of invisibility {unknown}
 z - 2 potions of magic {unknown}
 A - a potion of resistance {unknown}
 D - 2 potions of haste {unknown}
 G - a potion of cancellation {unknown}
Books
 c - a book of Battle

   Spells                             Type                      Level
   a - Infusion                       Charms                       1
   b - Shroud of Golubria             Charms/Translocation         2
   c - Song of Slaying                Charms                       2
   d - Spectral Weapon                Hexes/Charms                 3
   e - Regeneration                   Charms/Necromancy            3
Comestibles
 d - 11 rations


   Skills:
 - Level 2.0 Fighting
 - Level 2.0 Long Blades
 * Level 8.3 Throwing
 + Level 5.9 Armour
 - Level 2.0 Dodging
 - Level 2.0 Spellcasting
 * Level 8.9 Charms


You had 8 spell levels left.
You knew the following spells:

 Your Spells              Type           Power        Failure   Level  Hunger
a - Shroud of Golubria    Chrm/Tloc      ##........   11%         2    ###....
b - Song of Slaying       Chrm           ####....     1%          2    ###....
c - Infusion              Chrm           ####         1%          1    ##.....


Dungeon Overview and Level Annotations

Branches:
Dungeon (8/15)             Temple (1/1) D:6
   Lair: D:8-11

Altars:
Ashenzari
Elyvilon
Makhleb
Nemelex Xobeh
Qazlal
Ru
Sif Muna
Trog
Vehumet
Xom

Annotations:
D:5 Lokiki's ghost, amateur MiMo
D:8 Naow's ghost, novice FoFi


Innate Abilities, Weirdness & Mutations

You cannot be stealthy.


Message History

The warg is severely wounded.
The warg closely misses you.
You riposte.
You hit the warg.
The warg is severely wounded.
You closely miss the warg.
The warg is severely wounded.
Your shroud bends the warg's attack away.
The warg bites you!
Casting: Shroud of Golubria
Confirm with . or Enter, or press ? or * to list all spells.
You renew your shroud.
You are feeling very hungry.
The warg bites you!
* * * LOW HITPOINT WARNING * * *
You hit the warg.
The warg is severely wounded.
The warg bites you!
* * * LOW HITPOINT WARNING * * *
Your shroud falls apart!
The warg bites you.
You die...

.......#....#...### #.....###
...##..##...###...#####......#
..###..###..# ##.....#.......###
.## #..# #..## ##..............##
## ##.# #...# ##..............# #
#.####..## ##.......#####). #
#..#.....### ##......## ##.
####..........###........## ##
###............h@.....##....####.
........[.....<........###....##.
...........[>.#.##.....# ###.....
............####.#.....# ##....
.####.......#.##.##....## ##..#
##.##....#...#....#.....# ##..#
###....##....##.##.....(# ###....
..#...##.##......##.....###...##.
......##.#.......##.........#####


You could see a warg.

Vanquished Creatures
  3 phantoms
  5 ogres
  4 centaurs
  A big kobold (D:4)
  A wyvern zombie (D:7)
  2 bullfrogs
  A water moccasin zombie (D:8)
  A scorpion (D:4)
  4 killer bees
  4 wights (D:7)
  A howler monkey (D:8)
  2 bullfrog zombies (D:4)
  3 jellies (D:6)
  4 orc priests
  Crazy Yiuf (D:7)
  2 hounds (D:6)
  4 orc wizards
  A bullfrog skeleton (D:8)
  2 iguanas
  5 worker ants
  A killer bee zombie (D:5)
  A hound zombie (D:4)
  5 worker ant zombies
  4 gnolls (D:3)
  7 adders
  A shadow imp (D:7)
  An ooze (D:3)
  An adder zombie (D:4)
  A worm (D:3)
  2 adder skeletons
  A dart slug (D:3)
  6 leopard geckos
  18 orcs
  7 giant cockroaches
  8 goblins
  11 hobgoblins
  12 jackals
  15 kobolds
  2 quokkas
  4 ball pythons
  12 bats
  17 frilled lizards
  A jackal zombie (D:4)
  2 leopard gecko zombies
  5 rats
196 creatures vanquished.

Vanquished Creatures (others)
  A sky beast (D:8)
  An orc wizard (D:8)
  2 withered plants (D:4)
4 creatures vanquished.

Grand Total: 200 creatures vanquished

Notes
Turn   | Place    | Note
-------+----------+-------------------------------------------
     0 | D:1      | Ivernyr the Human Skald began the quest for the Orb.
     0 | D:1      | Reached XP level 1. HP: 16/16 MP: 3/3
   177 | D:1      | Reached XP level 2. HP: 22/22 MP: 5/5
   181 | D:1      | Learned a level 2 spell: Song of Slaying
   184 | D:1      | Learned a level 2 spell: Shroud of Golubria
   199 | D:1      | Reached skill level 1 in Throwing
   300 | D:1      | Reached XP level 3. HP: 16/27 MP: 6/6
  1083 | D:2      | Found a faded altar of an unknown god.
  1214 | D:2      | Reached XP level 4. HP: 21/33 MP: 2/7
  2367 | D:3      | Reached XP level 5. HP: 38/38 MP: 8/8
  2764 | D:3      | Noticed a bullfrog
  2813 | D:2      | Killed a bullfrog
  2813 | D:2      | Reached XP level 6. HP: 27/44 MP: 0/9
  3414 | D:4      | Reached skill level 5 in Charms
  3579 | D:4      | Reached XP level 7. HP: 49/50 MP: 10/10
  4410 | D:5      | Entered Level 5 of the Dungeon
  4493 | D:5      | Reached skill level 5 in Throwing
  4493 | D:5      | Reached XP level 8. HP: 31/56 MP: 0/11
  5492 | D:5      | Noticed Lokiki's ghost (amateur MiMo)
  5861 | D:6      | Got a pitted hand axe
  6338 | D:6      | Reached XP level 9. HP: 37/61 MP: 8/12
  6926 | D:6      | Found a staircase to the Ecumenical Temple.
  6957 | Temple   | Entered the Ecumenical Temple
  7010 | Temple   | Became a worshipper of Ru the Awakened
  7275 | D:6      | Reached skill level 5 in Armour
  7938 | D:6      | Identified the +9 hand axe of Quxkeinykia {vamp, rF+} (You found it on level 6 of the Dungeon)
  8537 | D:7      | Found a runed door.
  9581 | D:7      | Noticed Crazy Yiuf
  9594 | D:7      | Killed Crazy Yiuf
  9766 | D:8      | Gained mutation: You cannot be stealthy. [Ru sacrifice]
  9934 | D:8      | Noticed Naow's ghost (novice FoFi)
 10061 | D:8      | Reached XP level 10. HP: 64/67 MP: 13/13
 10447 | D:7      | Slain by a warg

Skill      XL: |  1  2  3  4  5  6  7  8  9 |
---------------+----------------------------+-----
Throwing       | 1 2 3 5 6 8 |  8.3
Armour         | 2 3 4 5 |  5.9
Charms         | 4 5 6 7 8 |  8.9
Fighting       | |  2.0
Long Blades    | |  2.0
Dodging        | |  2.0
Spellcasting   | |  2.0

Action                   |  1- 3 |  4- 6 |  7- 9 | 10-12 || total
-------------------------+-------+-------+-------+-------++-------
Melee: Falchion          |   117 |   267 |   621 |       ||  1005
       Long sword        |       |       |   191 |    49 ||   240
 Cast: Shroud of Golubri |     4 |    17 |    87 |     7 ||   115
       Infusion          |       |       |     8 |       ||     8
       Song of Slaying   |       |       |       |     1 ||     1
Invok: Sacrifice Stealth |       |       |     1 |       ||     1
  Use: Scroll            |       |       |    14 |     1 ||    15
  Eat: Chunk             |     1 |    10 |    25 |     1 ||    37
       Ration            |       |       |     2 |       ||     2
Armor: Ring mail         |    59 |   121 |   358 |    21 ||   559
Dodge: Dodged            |    79 |   184 |   545 |    27 ||   835
       Rpst.: Falchion   |    26 |    37 |   128 |       ||   191
       Long sword        |       |       |    38 |     8 ||    46
